 Dungeon Crawl Stone Soup version 0.23.0 (webtiles) character file.

Game seed: 3968342936038980381

8936 eggzz the Thaumaturge (level 11, -6/61 HPs)
             Began as a Deep Elf Wizard on Feb 15, 2019.
             Was a Believer of Vehumet.
             Mangled by Fannar
             ... wielding an uncursed staff of cold
              (15 damage)
             ... on level 12 of the Dungeon on Feb 16, 2019.
             The game lasted 01:47:45 (15889 turns).

eggzz the Thaumaturge (Deep Elf Wizard)            Turns: 15889, Time: 01:47:45

Health: -6/61      AC:  6    Str:  8    XL:     11   Next: 16%
Magic:  18/28      EV: 17    Int: 29    God:    Vehumet [**....]
Gold:   867        SH:  0    Dex: 13    Spells: 1/32 levels left

rFire    . . .     SeeInvis .   a - +12 Vampire's Tooth {vamp}
rCold    . . .     Gourm    .   (no shield)
rNeg     . . .     Faith    .   v - +1 robe
rPois    .         Spirit   .   b - +0 hat
rElec    .         Reflect  .   i - +2 cloak
rCorr    .         Harm     .   (no gloves)
MR       +....                  (no boots)
Stlth    +++.......             (no amulet)
HPRegen  0.20/turn              l - +2 ring of intelligence
MPRegen  0.21/turn              G - +4 ring of strength

@: about to teleport
A: no striking features
a: Renounce Religion


You were on level 12 of the Dungeon.
You worshipped Vehumet.
Vehumet was pleased with you.
You were not hungry.

You visited 2 branches of the dungeon, and saw 13 of its levels.

You collected 867 gold pieces.

Inventory:

Hand Weapons
 a - the +12 Vampire's Tooth (weapon) {vamp}
   (You found it on level 11 of the Dungeon)

   It inflicts no extra harm, but heals its wielder when it wounds a living foe.
 c - a +3 dagger of venom
 E - a +0 blowgun
Missiles
 p - 59 poisoned needles
 x - 85 stones (quivered)
Armour
 b - a +0 hat (worn)
 i - a +2 cloak (worn)
 v - a +1 robe (worn)
Magical Staves
 y - an uncursed staff of poison
Jewellery
 l - a +2 ring of intelligence (left hand)
 m - an uncursed ring of fire
 G - a +4 ring of strength (right hand)
Wands
 w - a wand of disintegration (10)
 A - a wand of flame (30)
 C - a wand of scattershot (3)
Scrolls
 e - 3 scrolls of fog
 f - a scroll of amnesia
 h - 6 scrolls of remove curse
 o - a scroll of teleportation
 r - a scroll of fear {unknown}
 s - 2 scrolls of magic mapping {unknown}
 u - a scroll of identify
 B - a scroll of immolation
 F - a scroll of enchant armour
Potions
 g - 3 potions of lignification
 j - a potion of might
 k - a potion of magic
 n - a potion of curing
 q - 2 potions of berserk rage
 t - a potion of invisibility
 z - a potion of cancellation
Comestibles
 d - 5 rations
 D - 2 chunks of flesh


   Skills:
 + Level 4.1 Fighting
 * Level 2.3 Short Blades
 + Level 8.6 Dodging
 - Level 5.0 Stealth
 - Level 11.4 Spellcasting
 + Level 11.1 Conjurations
 + Level 7.6 Hexes
 - Level 1.1 Summonings
 - Level 1.1 Translocations
 + Level 2.2 Evocations


You had one spell level left.
You knew the following spells:

 Your Spells              Type           Power        Failure   Level  Hunger
a - Searing Ray           Conj           ######       1%          2    None
b - Call Imp              Summ           ###.....     3%          2    None
c - Blink                 Tloc           N/A          3%          2    None
d - Conjure Flame         Conj/Fire      #####...     1%          3    None
e - Tukima's Dance        Hex            ######..     1%          3    None
f - Dazzling Spray        Conj/Hex       ######       1%          3    None
g - Mephitic Cloud        Conj/Pois/Air  #####...     2%          3    None
h - Confuse               Hex            ######..     1%          3    None
i - Gell's Gravitas       Tloc           ###.......   6%          3    None
j - Sandblast             Erth           ###...       3%          1    None
k - Yara's Violent Unrav  Hex/Tmut       #####.....   19%         5    ###....
l - Magic Dart            Conj           ####         1%          1    None

Your spell library contained the following spells:

 Spells                   Type           Power        Failure   Level  Hunger
 Confusing Touch          Hex            ######       1%          1    None
 Corona                   Hex            ######.      1%          1    None
 Ensorcelled Hibernation  Hex/Ice        #####.       1%          2    None
 Slow                     Hex            ######..     1%          2    None
 Irradiate                Conj/Tmut      #####.....   9%          5    ###....
 Metabolic Englaciation   Hex/Ice        #####.....   19%         5    ###....
 Petrify                  Tmut/Erth      ###.....     32%         4    None
 Hydra Form               Tmut           ###.......   99%         6    #####..
 Statue Form              Tmut/Erth      ###......    99%         6    #####..
 Dragon Form              Tmut           ###.......   100%        7    ######.


Dungeon Overview and Level Annotations

Branches:
Dungeon (12/15)            Temple (1/1) D:7
   Lair: D:8-11         Orc: D:9-12

Altars:
Cheibriados
Dithmenos
Elyvilon
Fedhas
Gozag
Hepliaklqana
Kikubaaqudgha
Makhleb
Nemelex Xobeh
Okawaru
Qazlal
Ru
Sif Muna
Trog
Uskayaw
Vehumet
Wu Jian
Xom
Yredelemnul
Zin
The Shining One

Shops:
D:10 *

Annotations:
D:2 exclusion: 2 downstairs
D:3 Grinder
D:4 exclusion: upstairs
D:6 exclusion: 2 downstairs
D:7 exclusion: 2 downstairs
D:10 Urug
D:11 exclusion: upstairs
D:12 Fannar


Message History

Your white imp barely misses the ice beast.
The ice beast misses you.
Your shadow imp barely misses the ice beast.
The orc wizard gestures wildly while chanting.
The orc wizard seems to speed up.
Your shadow imp gestures at Fannar.
The ice beast struggles to resist.
You hit Fannar.
You feel better.
Fannar is moderately wounded.
The ice beast hits you.
* * * LOW HITPOINT WARNING * * *
The ice beast freezes you!
* * * LOW HITPOINT WARNING * * *
Unknown command.
You feel better.
Your white imp barely misses the ice beast.
Fannar hits you with an uncursed staff of cold.
* * * LOW HITPOINT WARNING * * *
Fannar freezes you!
You die...

#####+##....# .#
............# .#
............#..#
............#..#
............'...
............#### .
............#..#####...
...#####....'.Y#°.o....
######...#....#.@eoo.....
....#....#....#5Y#.......
#...####....5.#55#.......
###'#....######..########
.........# ....
.......|.# #.>..#
.........# ##..##
.....#+#.# #### .....#
..#


You could see Fannar, 2 ice beasts, an orc wizard, 2 orcs, a friendly white imp
and 2 friendly shadow imps.

Vanquished Creatures
  Erolcha (D:9)
  An ugly thing (D:11)
  A komodo dragon (D:10)
  3 tyrant leeches (D:11)
  3 hippogriffs
  A spriggan (D:11)
  2 vampires (D:11)
  A wraith (D:10)
  2 wyverns
  3 yaks (D:10)
  3 vampire mosquitoes (D:11)
  Menkaure (D:6)
  A water moccasin (D:9)
  3 orc warriors
  An ice beast (D:4)
  2 black bears
  4 sky beasts
  2 ogres
  3 centaurs
  Blork the orc (D:6)
  2 big kobolds
  4 bullfrogs
  A wyvern skeleton (D:10)
  A scorpion (D:6)
  3 killer bees
  6 howler monkeys
  4 crimson imps
  A centaur zombie (D:5)
  2 bullfrog zombies
  2 jellies (D:9)
  3 quasits
  3 hounds
  2 centaur skeletons
  An orc priest (D:6)
  2 bullfrog skeletons
  4 iguanas
  7 orc wizards
  7 worker ants
  2 hound skeletons
  A worker ant zombie (D:7)
  2 gnolls (D:9)
  A howler monkey skeleton (D:7)
  6 adders
  A shadow imp (D:11)
  An ooze (D:2)
  A worm (D:5)
  2 dart slugs (D:1)
  5 leopard geckos
  23 orcs
  A ball python (D:5)
  5 bats
  4 giant cockroaches
  3 goblins
  8 hobgoblins
  9 jackals
  17 kobolds
  2 quokkas
  4 frilled lizards
  A jackal skeleton (D:4)
  A quokka skeleton (D:7)
  A quokka zombie (D:7)
  3 rats
198 creatures vanquished.

Vanquished Creatures (collateral kills)
  A two-headed ogre (D:8)
  2 yaks (D:10)
  A black bear (D:8)
  A phantom (D:9)
  An ogre (D:10)
  A centaur (D:7)
  2 bullfrogs (D:9)
  A killer bee (D:7)
  4 crimson imps
  A hound (D:10)
  A gnoll shaman (D:9)
  An orc wizard (D:5)
  A bullfrog skeleton (D:8)
  A worker ant (D:6)
  Robin (D:3)
  2 gnolls (D:9)
  2 orcs (D:5)
  A hobgoblin (D:3)
  2 goblins (D:3)
27 creatures vanquished.

Vanquished Creatures (others)
  6 plants (D:10)
6 creatures vanquished.

Grand Total: 231 creatures vanquished

Notes
Turn   | Place    | Note
-------+----------+-------------------------------------------
     0 | D:1      | eggzz the Deep Elf Wizard began the quest for the Orb.
     0 | D:1      | Reached XP level 1. HP: 10/10 MP: 7/7
   359 | D:1      | Reached skill level 5 in Spellcasting
   359 | D:1      | Reached XP level 2. HP: 13/15 MP: 2/10
   666 | D:1      | Learned a level 2 spell: Call Imp
   676 | D:1      | Learned a level 2 spell: Blink
  1306 | D:2      | Found an ancient bone altar of Kikubaaqudgha.
  1339 | D:2      | Found a bloodstained altar of Trog.
  1346 | D:2      | Found a burning altar of Makhleb.
  1348 | D:2      | Found a sacrificial altar of Ru.
  1444 | D:2      | Reached XP level 3. HP: 16/19 MP: 0/11
  1562 | D:2      | Learned a level 3 spell: Conjure Flame
  1566 | D:2      | Learned a level 3 spell: Mephitic Cloud
  2107 | D:2      | Reached XP level 4. HP: 16/24 MP: 3/13
  2749 | D:3      | Learned a level 3 spell: Dazzling Spray
  2802 | D:3      | Noticed Robin
  2833 | D:3      | Noticed Grinder
  2837 | D:3      | HP: 1/24 [Grinder (6)]
  2837 | D:3      | Killed Robin
  3037 | D:5      | Entered Level 5 of the Dungeon
  3422 | D:4      | Reached XP level 5. HP: 28/28 MP: 9/16
  3686 | D:4      | Noticed an ogre
  3702 | D:4      | Killed an ogre
  4232 | D:4      | Reached XP level 6. HP: 32/32 MP: 6/18
  4750 | D:4      | Noticed an ice beast
  4768 | D:4      | Killed an ice beast
  4768 | D:4      | Reached skill level 5 in Conjurations
  5576 | D:5      | Reached XP level 7. HP: 23/36 MP: 12/20
  5879 | D:5      | Found an iron altar of Okawaru.
  5881 | D:5      | Found a hide-covered altar of Uskayaw.
  6058 | D:5      | Found a glowing silver altar of Zin.
  6060 | D:5      | Found a shadowy altar of Dithmenos.
  6197 | D:6      | Learned a level 3 spell: Tukima's Dance
  6201 | D:6      | Learned a level 3 spell: Confuse
  6363 | D:6      | Reached skill level 1 in Hexes
  7215 | D:6      | Reached XP level 8. HP: 41/41 MP: 13/23
  7298 | D:6      | Noticed Menkaure
  7300 | D:6      | Noticed Blork the orc
  7332 | D:5      | Found a snail-covered altar of Cheibriados.
  7461 | D:6      | Killed Blork the orc
  7487 | D:6      | Killed Menkaure
  8133 | D:7      | Reached skill level 10 in Spellcasting
  8136 | D:7      | Reached skill level 5 in Hexes
  8137 | D:7      | Noticed a hippogriff
  9246 | D:7      | Reached XP level 9. HP: 45/45 MP: 15/25
  9476 | D:7      | Found a staircase to the Ecumenical Temple.
  9491 | D:7      | Learned a level 3 spell: Gell's Gravitas
  9496 | Temple   | Entered the Ecumenical Temple
  9525 | Temple   | Became a worshipper of Vehumet
  9577 | D:7      | Reached skill level 5 in Stealth
  9849 | D:7      | Reached skill level 5 in Dodging
 10070 | D:8      | Found a stormy altar of Qazlal.
 10304 | D:8      | Noticed a two-headed ogre
 10305 | D:8      | Found a sand-covered staircase.
 10328 | D:8      | Noticed a red ugly thing
 10329 | D:8      | Killed a two-headed ogre
 10329 | D:8      | Reached skill level 1 in Fighting
 11188 | D:8      | Found a bloodstained altar of Trog.
 11453 | D:9      | Noticed Erolcha
 11468 | D:9      | HP: 1/48 [something (22)]
 11469 | D:9      | Killed Erolcha
 11469 | D:9      | Reached skill level 10 in Conjurations
 11469 | D:9      | Reached XP level 10. HP: 28/55 MP: 6/26
 11554 | D:9      | Reached * piety under Vehumet
 11554 | D:9      | Offered knowledge of Sandblast by Vehumet.
 11557 | D:9      | Learned a level 1 spell: Sandblast
 12328 | D:9      | Learned a level 5 spell: Yara's Violent Unravelling
 12344 | D:10     | Entered Level 10 of the Dungeon
 12382 | D:10     | Found Gaott's General Store.
 13477 | D:10     | Noticed Urug
 13702 | D:11     | Noticed a red ugly thing
 13741 | D:11     | Killed a red ugly thing
 13741 | D:11     | Reached skill level 1 in Evocations
 13979 | D:11     | Reached skill level 1 in Short Blades
 14394 | D:11     | Reached ** piety under Vehumet
 14394 | D:11     | Offered knowledge of Searing Ray by Vehumet.
 14398 | D:11     | Learned a level 2 spell: Searing Ray
 14545 | D:11     | Reached XP level 11. HP: 54/61 MP: 17/28
 15194 | D:11     | Found the +12 Vampire's Tooth {vamp}
 15849 | D:12     | Noticed Fannar
 15889 | D:12     | Mangled by Fannar

Skill      XL: |  1  2  3  4  5  6  7  8  9 10 11 |
---------------+----------------------------------+-----
Spellcasting   | 5 6 7 8 9 10 11 | 11.4
Conjurations   | 2 3 4 5 6 8 10 11 | 11.1
Hexes          | 3 5 7 |  7.6
Stealth        | 4 5 |  5.0
Dodging        | 4 8 |  8.6
Fighting       | 2 4 |  4.1
Evocations     | 1 2 |  2.2
Short Blades   | 1 2 |  2.3
Summonings     | |  1.1
Translocations | |  1.1

Action                   |  1- 3 |  4- 6 |  7- 9 | 10-12 || total
-------------------------+-------+-------+-------+-------++-------
Melee: Club              |     3 |       |       |       ||     3
       Dagger            |    17 |    55 |   115 |    92 ||   279
       Quick blade       |       |       |       |    48 ||    48
 Cast: Magic Dart        |    72 |    97 |   108 |    32 ||   309
       Conjure Flame     |     2 |    13 |    24 |    26 ||    65
       Call Imp          |       |     7 |    51 |    41 ||    99
       Mephitic Cloud    |       |     2 |     3 |     8 ||    13
       Blink             |       |     5 |       |       ||     5
       Confuse           |       |       |    18 |     6 ||    24
       Dazzling Spray    |       |       |    61 |    58 ||   119
       Tukima's Dance    |       |       |     3 |       ||     3
       Gell's Gravitas   |       |       |    11 |     1 ||    12
       Searing Ray       |       |       |       |    15 ||    15
       Sandblast         |       |       |       |     2 ||     2
  Use: Potion            |       |     3 |     2 |     3 ||     8
       Scroll            |       |     7 |    11 |     3 ||    21
 Stab: Invisible         |       |       |     8 |     2 ||    10
       Confused          |       |       |     3 |     7 ||    10
  Eat: Chunk             |     3 |     5 |     7 |     8 ||    23
       Ration            |       |     2 |     3 |     3 ||     8
Armor: Robe              |     7 |    23 |    26 |    25 ||    81
Dodge: Dodged            |    24 |    72 |   131 |   111 ||   338
